Zazza, neutral female human Tourist ^ --------- -----|----- |......[| |.<.......| |...@...| |.........| |....m..| --------|-- |..m..]>| # |..@....| # ----+---- # ## # # # ----- ### # |.(.| # # |...|# # # ##....|# # # ## # |..[|################# -----.-------- ---.-- ########`#|.^..# --|-.----- |.....`......| |....| # # ----- |........| |............| |....-######## |.>.......#####.............| |....| |......^.| -------------- ------ ---------- Zazza the Rambler Experience level: 1 Strength: 12 Dexterity: 10 Constitution: 14 Intelligence: 11 Wisdom: 10 Charisma: 18 Health: 0(15) Energy: 2(2) Def: 2 Gold: 0 Moves: 2685 Dungeon seed: J3n0XdQ4a9tL_spd Game ID: Zazza_1619544779 Your Inventory: Weapons a - 23 +2 darts o - a blessed +0 voulge Armor e - an uncursed +0 Hawaiian shirt (being worn) y - a cursed -1 pair of fumble boots (being worn) z - an uncursed +0 pair of leather gloves (being worn) G - an uncursed +0 helm of brilliance (being worn) N - an uncursed +0 dwarvish cloak (being worn) Comestibles b - 3 uncursed food rations d - 2 uncursed cloves of garlic f - 2 uncursed carrots g - 5 uncursed tripe rations p - an uncursed food ration J - an uncursed candy bar Scrolls c - an uncursed scroll of identify k - an uncursed scroll of magic mapping B - an uncursed scroll of enchant weapon L - an uncursed scroll of enchant weapon Spellbooks x - an uncursed spellbook of sleep A - an uncursed spellbook of light C - an uncursed spellbook of create monster I - an uncursed spellbook of extra healing K - an uncursed spellbook of remove curse Potions h - an uncursed potion of gain energy i - an uncursed potion of invisibility j - 2 uncursed potions of extra healing w - an uncursed potion of acid H - an uncursed potion of confusion Rings s - an uncursed ring of shock resistance Wands n - a wand of lightning (0:4) t - a wand of striking (0:8) E - a wand of fire (0:5) O - a wand of digging (0:6) Tools l - an expensive camera (0:31) m - an uncursed credit card F - an uncursed lock pick Spells and supernatural/magical abilities: Name Level Category Fail Memory O - create monster 2 clerical 100% 95% W - pray for help -- divine ? -- Your skills at the end: Fighting Skills Weapon Skills dart [Basic] Spellcasting Skills Final Attributes: You were stridently aligned. You fumbled. You were lucky. You are dead. Vanquished creatures: 3 orc zombies a hobbit 2 large kobolds 2 hobgoblins 5 giant rats 2 yellow molds a red mold 4 garter snakes 4 geckos 2 foxes 3 kobolds 3 grid bugs 7 lichens a kobold zombie 4 newts 44 creatures vanquished. Voluntary challenges: You never hit with a wielded weapon. You read items or engraved 15 times, starting on turn 5. You never genocided any monsters. You never polymorphed an object. You never changed form. You used no wishes. You never split a pudding. You wrote Elbereth's name 7 times, starting on turn 6. You never violated your personal moral code. Dungeon overview: The Dungeons of Doom: levels 1 to 6 Level 1 a long staircase Level 2 a fountain Level 3 an armor shop Level 4 a general store, an altar to Blind Io, a fountain stairs to The Gnomish Mines Level 5 a fountain Level 6 <- You were here a general store The Gnomish Mines: Level 5 stairs to The Dungeons of Doom History has recorded: On T:1 you entered the Dungeons of Doom to retrieve the Amulet of Yendor! On T:159 you reached level 2 of The Dungeons of Doom. On T:670 you reached level 3 of The Dungeons of Doom. On T:1136 you reached level 4 of The Dungeons of Doom. On T:1665 you reached level 1 of The Gnomish Mines. On T:1938 you reached level 5 of The Dungeons of Doom. On T:2342 you reached level 6 of The Dungeons of Doom. Score breakdown: Gold: 0 ( 0 points) Experience: 1 level ( 0 points) Exploration: 6 levels ( 11.76%) ( 9486 points) Discoveries: 9 items ( 3.02%) ( 5213 points) Valuables value: (no points given unless you survive) Artifact value: 0 ( 0 points) Variety of kills: 15 monsters ( 3.94%) ( 5952 points) Turncount: 2685 turns ( -436 points) Survival: died (score multiplied by 80%) Total score: 16172 Latest messages: You drop a splint mail (unpaid, 71 zorkmids). Your movements are only slowed slightly by your load. Your wallet contains 367 zorkmids. You have no credit in here. You owe Wonotobo 1976 zorkmids. You slip and nearly fall. You make a lot of noise! Wait! That's a large mimic! The large mimic hits! You write in the dust with your fingers. Something is written here in the dust. You read: "Elbereth". You see no objects here. You get released! The large mimic mimics a chicken for a moment! The small mimic bumps right into you! The small mimic hits! You die... Wonotobo comes and takes all your possessions. Final status: Aloha Zazza the Tourist, killed by a small mimic... You died in The Dungeons of Doom on dungeon level 6 with 16172 points, and 0 pieces of gold, after 2685 moves. You were level 1 with a maximum of 15 hit points when you died.